 Dungeon Crawl Stone Soup version 0.23-a0-332-g9fe5f10 (webtiles) character file.

788 Faust the Magician (level 7, -1/37 HPs)
             Began as a Deep Elf Conjurer on Oct 16, 2018.
             Slain by a bullfrog skeleton (5 damage)
             ... on level 5 of the Dungeon.
             The game lasted 00:38:01 (5008 turns).

Faust the Magician (Deep Elf Conjurer)              Turns: 5008, Time: 00:38:01

Health: -1/37      AC:  2    Str:  5    XL:     7   Next: 56%
Magic:  12/20      EV: 13    Int: 22    God:
Gold:   221        SH:  0    Dex: 15    Spells: 11/21 levels left

rFire    . . .     SeeInvis .   e - +1 great sword (flame)
rCold    . . .     Gourm    .   (shield currently unavailable)
rNeg     . . .     Faith    .   i - +0 robe
rPois    .         Spirit   .   (no helmet)
rElec    .         Reflect  .   (no cloak)
rCorr    .         Harm     .   (no gloves)
MR       .....                  (no boots)
Stlth    +++.......             b - amulet of regeneration
HPRegen  0.52/turn              (no ring)
MPRegen  0.17/turn              (no ring)

@: about to teleport
A: no striking features
a: no special abilities


You were on level 5 of the Dungeon.
You were not hungry.

You visited 1 branch of the dungeon, and saw 5 of its levels.
You also visited: Sewer.

You collected 221 gold pieces.

Inventory:

Hand Weapons
 a - a +0 mace of protection
 e - a +1 great sword of flaming (weapon)
 m - a +1 dagger of holy wrath
Armour
 i - a +0 robe (worn)
 j - a +0 cloak
Jewellery
 b - an amulet of regeneration (around neck)
Wands
 n - a wand of iceblast (9)
Scrolls
 f - 2 scrolls of teleportation
 g - 2 scrolls of remove curse
 h - a scroll of identify
 l - a scroll of immolation {unknown}
Potions
 d - 3 potions of flight
Comestibles
 c - 7 rations


   Skills:
 + Level 0.6 Fighting
 + Level 0.4(0.6) Short Blades
 + Level 0.5(0.6) Long Blades
 + Level 3.2 Dodging
 + Level 3.9 Stealth
 + Level 7.7 Spellcasting
 + Level 7.3 Conjurations
 + Level 0.5 Hexes


You had 11 spell levels left.
You knew the following spells:

 Your Spells              Type           Power        Failure   Level  Hunger
a - Magic Dart            Conj           ####         1%          1    None
b - Searing Ray           Conj           #####.       1%          2    None
c - Dazzling Spray        Conj/Hex       ####..       4%          3    None
d - Iskenderun's Mystic   Conj           #####...     3%          4    ###....

Your spell library contained the following spells:

 Spells                   Type           Power        Failure   Level  Hunger
 Fulminant Prism          Conj/Hex       ####......   16%         4    ###....
 Force Lance              Conj/Tloc      ###.....     17%         4    ###....


Dungeon Overview and Level Annotations

Branches:
Dungeon (5/15)
 Temple: D:4-7

Altars:
Cheibriados
Hepliaklqana
Nemelex Xobeh
Okawaru
Trog
Uskayaw
Xom
The Shining One


Message History

As you read the scroll of teleportation, it crumbles to dust.
You feel strangely unstable.
The bullfrog skeleton closely misses you.
The bullfrog skeleton hits you.
* * * LOW HITPOINT WARNING * * *
You feel better. The bullfrog skeleton hits you.
* * * LOW HITPOINT WARNING * * *
The centaur shoots an arrow.
The arrow hits you!
* * * LOW HITPOINT WARNING * * *
You feel better.
The bullfrog skeleton barely misses you.
The centaur shoots an arrow.
The arrow hits you!
* * * LOW HITPOINT WARNING * * *
Okay, then.
The centaur shoots an arrow.
The arrow closely misses you.
The bullfrog skeleton completely misses you.
You riposte.
You hit the bullfrog skeleton. You burn the bullfrog skeleton.
The bullfrog skeleton is lightly damaged.
The bullfrog skeleton hits you.
You die...

..c#######............
#.........########...
#.........# #...
#.........# ####
#....c....#
#.....(...#
#####(###......
#(.(.#......
#@Z..#......
#(...#...... ###..#
..... ..# #### ....
....# ...# ..#


You could see a centaur and a bullfrog skeleton.

Vanquished Creatures
  An orc warrior (D:5)
  An ogre (D:4)
  A big kobold (Sewer)
  A howler monkey (D:3)
  2 hounds (D:4)
  3 orc priests
  An iguana (D:4)
  Jessica (D:3)
  3 orc wizards (D:3)
  A worker ant (D:5)
  A hound skeleton (D:4)
  2 gnolls (D:4)
  6 adders
  2 river rats (Sewer)
  An adder skeleton (D:3)
  3 worms
  3 dart slugs
  2 leopard geckos
  7 orcs
  5 giant cockroaches
  4 goblins (D:2)
  9 hobgoblins
  4 jackals
  A quokka (D:3)
  A ball python skeleton (D:4)
  8 bats
  9 frilled lizards
  9 kobolds
  8 rats
100 creatures vanquished.

Notes
Turn   | Place    | Note
-------+----------+-------------------------------------------
     0 | D:1      | Faust the Deep Elf Conjurer began the quest for the Orb.
     0 | D:1      | Reached XP level 1. HP: 10/10 MP: 6/6
   168 | D:1      | Reached XP level 2. HP: 15/15 MP: 1/8
   172 | D:1      | Learned a level 2 spell: Searing Ray
   442 | D:1      | Reached skill level 5 in Conjurations
   783 | D:1      | Reached XP level 3. HP: 19/19 MP: 5/9
  1177 | D:2      | Learned a level 3 spell: Dazzling Spray
  1914 | D:2      | Found a snail-covered altar of Cheibriados.
  1936 | D:2      | Reached XP level 4. HP: 24/24 MP: 7/12
  1942 | D:2      | Learned a level 4 spell: Iskenderun's Mystic Blast
  2406 | D:3      | Noticed Jessica
  2408 | D:3      | Killed Jessica
  2419 | D:3      | Reached XP level 5. HP: 17/28 MP: 1/14
  2650 | D:3      | Reached skill level 5 in Spellcasting
  2715 | D:3      | Found a glowing golden altar of the Shining One.
  2969 | D:3      | Found a shimmering altar of Xom.
  2971 | D:3      | Found a glowing golden altar of the Shining One.
  2971 | D:3      | Found a hide-covered altar of Uskayaw.
  2973 | D:3      | Found a shimmering altar of Xom.
  2973 | D:3      | Found a hazy altar of Hepliaklqana.
  2973 | D:3      | Found a bloodstained altar of Trog.
  3113 | D:3      | Reached XP level 6. HP: 32/32 MP: 7/17
  3659 | D:4      | Found a snail-covered altar of Cheibriados.
  3706 | D:4      | Found an iron altar of Okawaru.
  4054 | D:4      | Found a glowing drain.
  4057 | D:4      | Reached XP level 7. HP: 36/36 MP: 1/19
  4066 | Sewer    | Entered a sewer
  4378 | Sewer    | Found a white marble altar of Elyvilon.
  4550 | D:5      | Entered Level 5 of the Dungeon
  4697 | D:5      | Found a sparkling altar of Nemelex Xobeh.
  5008 | D:5      | Slain by a bullfrog skeleton

Vault maps used:
D:1:      minmay_arrival_semitransparent, minmay_domino_4
D:2:      lemuel_crystal_altar
D:3:      doesnt_xom_only_xom, lemuel_doored_altar, first_ration, uniq_jessica
D:4:      okawaru_ov_weapons_minmay, portal_sewer_entry_d, cheibriados_altar_1
D:5:      kennysheep_steamy, kennysheep_mini,
          minmay_temple_entry_enclosed_plants, nemelex_lonely_heart_becter,
          uniq_sigmund
Sewer:    sewer_kobolds

Skill      XL: |  1  2  3  4  5  6  7 |
---------------+----------------------+-----
Conjurations   | 5 6 7 |  7.3
Spellcasting   | 4 6 7 |  7.7
Dodging        | 3 |  3.2
Stealth        | 3 |  3.9
Fighting       | |  0.6
Short Blades   | |  0.4
Long Blades    | |  0.5
Hexes          | |  0.5

Action                   |  1- 3 |  4- 6 |  7- 9 || total
-------------------------+-------+-------+-------++-------
Melee: Unarmed           |     1 |       |       ||     1
       Dagger            |       |     6 |       ||     6
       Great sword       |       |       |     6 ||     6
 Cast: Magic Dart        |    71 |    33 |    14 ||   118
       Searing Ray       |    10 |    15 |     3 ||    28
       Dazzling Spray    |     2 |     1 |       ||     3
       Iskenderun's Myst |       |    14 |     9 ||    23
  Use: Potion            |     3 |     2 |     3 ||     8
       Scroll            |     1 |     4 |     2 ||     7
  Eat: Chunk             |     3 |     3 |       ||     6
       Ration            |       |     2 |     1 ||     3
Armor: Robe              |     6 |     3 |     1 ||    10
Dodge: Dodged            |    20 |    11 |    14 ||    45
       Rpst.: Great sword |       |     2 |     3 ||     5

Table legend:
 A = Non-vault XP
 B = Vault XP
 C = Vault XP percentage of total XP
 D = Non-vault monster count
 E = Vault monster count
 F = Vault count percentage of total count
                 A         B        C        D         E       F
            +---------+---------+-------+---------+---------+-------
      Total |     936 |     191 |  16.9 |      85 |      15 |  15.0
            +---------+---------+-------+---------+---------+-------
        D:1 |      42 |       4 |   8.7 |      27 |       3 |  10.0
        D:2 |      63 |       0 |   0.0 |      19 |       0 |   0.0
        D:3 |     261 |      37 |  12.4 |      21 |       1 |   4.5
        D:4 |     320 |      13 |   3.9 |      13 |       1 |   7.1
        D:5 |     250 |       0 |   0.0 |       5 |       0 |   0.0
      Sewer |       0 |     137 | 100.0 |       0 |      10 | 100.0
            +---------+---------+-------+---------+---------+-------
